 Dungeon Crawl Stone Soup version 0.26-a0-1181-gd376ed14c5 (webtiles) character file.

Game seed: 11736957710045706487

229 HoaS the Ruffian (level 6, -5/48 HPs)
             Began as a Ghoul Gladiator on Dec 26, 2020.
             Killed from afar by Pikel (13 damage)
             ... with a bolt of acid
             ... on level 4 of the Dungeon.
             The game lasted 00:07:28 (2787 turns).

HoaS the Ruffian (Ghoul Gladiator)                  Turns: 2787, Time: 00:07:28

Health: -5/48      AC: 12    Str: 20    XL:     6   Next: 3%
Magic:  5/5        EV:  8    Int:  3    God:
Gold:   193        SH:  0    Dex: 10    Spells: 5/5 levels left

rFire    . . .     SeeInvis .     - Unarmed
rCold    + . .     Faith    .   (no shield)
rNeg     + + +     Spirit   .   r - +0 chain mail
rPois    ∞         Reflect  .   b - +0 helmet
rElec    .         Harm     .   (no cloak)
rCorr    .         Rampage  .   f - +2 pair of gloves
Will     .....                  (no boots)
Stlth    ..........             g - amulet of regeneration
HPRegen  0.00/turn              (no ring)
MPRegen  0.09/turn              (no ring)

@: no status effects
A: claws 1, cold resistance 1, negative energy resistance 3, inhibited
regeneration, torment resistance, unbreathing
a: no special abilities


You were on level 4 of the Dungeon.
You visited 1 branch of the dungeon, and saw 4 of its levels.

You collected 193 gold pieces.

Inventory:

Missiles
 a - 7 curare-tipped darts
 c - 3 throwing nets (quivered)
 d - 8 boomerangs
 i - 5 javelins
 j - 11 poisoned darts
 m - 8 silver boomerangs
Armour
 b - a +0 helmet (worn)
 f - a +2 pair of gloves (worn)
 r - a +0 chain mail (worn)
Jewellery
 g - an amulet of regeneration (around neck)
Wands
 p - a wand of polymorph (7)
Scrolls
 e - a scroll of fear
 h - a scroll of identify
 l - 2 scrolls of teleportation
Potions
 k - a potion of magic {unknown}
 n - a potion of curing {unknown}
 o - a potion of attraction {unknown}


   Skills:
 - Level 2.1 Fighting
 - Level 1.7 Throwing
 - Level 2.6 Dodging
 + Level 7.1 Unarmed Combat


You had 5 spell levels left.
You didn't know any spells.
Your spell library contained the following spells:

 Spells                   Type           Power        Failure   Level
 Foxfire                  Conj/Fire      0%           100%        1
 Conjure Flame            Conj/Fire      0%           100%        3
 Inner Flame              Hex/Fire       0%           100%        3
 Sticky Flame             Conj/Fire      0%           100%        4
 Fireball                 Conj/Fire      0%           100%        5


Dungeon Overview and Level Annotations

Branches:
Dungeon (4/15)             Temple (0/1) D:4

Altars:
Vehumet

Annotations:
D:4 Pikel


Innate Abilities, Weirdness & Mutations

You thrive by killing the living.
You are immune to poison.
You have sharp fingernails.
Your flesh is cold resistant. (rC+)
You are immune to negative energy. (rN+++)
You do not regenerate when monsters are visible.
You are immune to unholy pain and torment.
You can survive without breathing.


Message History

You kill the lemure!
That felt strangely unrewarding.
Your chain mail prevents you from hitting Pikel.
Pikel barely misses you.
Okay, then.
You closely miss Pikel.
Pikel zaps a wand.
The bolt of acid hits you!
You are splashed with acid!
* * * LOW HITPOINT WARNING * * *
You hit Pikel but do no damage.
Pikel hits you with a +0 whip of freezing.
* * * LOW HITPOINT WARNING * * *
You punch Pikel!
Pikel is moderately wounded.
Pikel hits you but does no damage.
You completely miss Pikel.
Pikel is moderately wounded.
You hit Pikel but do no damage.
Pikel is moderately wounded.
Pikel zaps a wand.
The bolt of acid hits you!
You die...

#.#...,,,,..# ##......
*,#..#******* ##.......
*,*,,* ####........
*,*,,*######.......>...
*,*,,,.......##...#...#
*,*..#####...###......#
*,,,...........#.#.##.#
**#.####5..>.......#*.#
#...@K5....!.#.###*,#
########....##.#***,*
#........,,,,*
##########****


You could see Pikel and 2 lemures.

Vanquished Creatures
  A boggart (D:4)
  A lemure (D:4)
  Natasha (D:4)
  A worker ant (D:4)
  An adder (D:3)
  A worm (D:3)
  7 dart slugs
  An orc (D:3)
  5 giant cockroaches
  10 goblins
  10 hobgoblins
  8 jackals
  A quokka (D:3)
  9 bats
  6 frilled lizards
  4 kobolds
  3 rats
70 creatures vanquished.

Vanquished Creatures (others)
  20 plants (D:3)
20 creatures vanquished.

Grand Total: 90 creatures vanquished

Notes
Turn   | Place    | Note
-------+----------+-------------------------------------------
     0 | D:1      | HoaS the Ghoul Gladiator began the quest for the Orb.
     0 | D:1      | Reached XP level 1. HP: 17/17 MP: 0/0
    72 | D:1      | Reached skill level 4 in Unarmed Combat
    72 | D:1      | Reached XP level 2. HP: 14/24 MP: 1/1
   554 | D:1      | Reached XP level 3. HP: 29/29 MP: 2/2
  1047 | D:2      | Found a radiant altar of Vehumet.
  1265 | D:2      | Reached skill level 5 in Unarmed Combat
  1857 | D:3      | Reached XP level 4. HP: 36/36 MP: 3/3
  2654 | D:4      | Noticed an ogre
  2655 | D:4      | Noticed a boggart
  2655 | D:4      | an ogre changed into a boggart
  2703 | D:4      | Killed a boggart
  2704 | D:4      | Reached skill level 6 in Unarmed Combat
  2704 | D:4      | Reached XP level 5. HP: 35/41 MP: 4/4
  2720 | D:4      | Reached skill level 7 in Unarmed Combat
  2738 | D:4      | Noticed Natasha
  2743 | D:4      | Killed Natasha
  2744 | D:4      | Reached XP level 6. HP: 44/48 MP: 5/5
  2750 | D:4      | Noticed Pikel
  2787 | D:4      | Killed from afar by Pikel

Illustrated notes

Levels and vault maps discovered:
D:1:      dpeg_arrival_stonehenge_8_columns, layout_basic
D:2:      layout_basic, old_standard_altar
D:3:      kennysheep_slugbush, layout_basic, serial_bayou_lagoon_a
D:4:      layout_loops_ring, minmay_temple_entry_proselytizer, uniq_pikel,
          uniq_natasha

Skill      XL: |  1  2  3  4  5 |
---------------+----------------+-----
Unarmed Combat | 4 5 6 7 |  7.1
Fighting       | |  2.1
Throwing       | |  1.7
Dodging        | |  2.6

Action                   |  1- 3 |  4- 6 || total
-------------------------+-------+-------++-------
Melee: Unarmed           |   164 |    96 ||   260
       Punch             |     2 |     1 ||     3
Evoke: Wand              |       |     1 ||     1
  Use: Scroll            |     6 |     5 ||    11
Armor: Leather armour    |    18 |       ||    18
       Ring mail         |    53 |     2 ||    55
       Chain mail        |       |    33 ||    33
Dodge: Dodged            |   126 |    41 ||   167

Table legend: (Time is in decaauts)
 A = Elapsed time spent in this place.
 B = Non-inter-level travel time spent in this place.
 C = Inter-level travel time spent in this place.
 D = Time resting spent in this place.
 E = Time spent auto-exploring this place.
 F = Levels seen in this place.
 G = Mean time per level.
                   A        B        C        D        E       F      G
               +--------+--------+--------+--------+--------+-----+--------+
         Total |   2774 |   2626 |    148 |    203 |   1797 |   4 |  693.5 |
       Dungeon |   2774 |   2626 |    148 |    203 |   1797 |   4 |  693.5 |
               +--------+--------+--------+--------+--------+-----+--------+

Top non-repeatable levels by time:
     D:1: 984 daAuts
     D:2: 925 daAuts
     D:3: 774 daAuts
     D:4: 89 daAuts
